 Dungeon Crawl Stone Soup version 0.27-a0-1287-gca74d27db6 (webtiles) character file.

Game seed: 17071346852847895261

507 flotson the Skirmisher (level 6, -8/48 HPs)
             Began as a Demonspawn Fighter on June 14, 2021.
             Was an Initiate of Gozag.
             Mangled by an ogre (16 damage)
             ... on level 4 of the Dungeon.
             The game lasted 00:05:29 (4246 turns).

flotson the Skirmisher (Demonspawn Fighter)         Turns: 4246, Time: 00:05:29

Health: -8/48      AC:  9    Str: 18    XL:     6   Next: 97%
Magic:  6/6        EV: 12    Int:  9    God:    Gozag
Gold:   224        SH: 15    Dex: 13    Spells: 5/5 levels left

rFire    . . .     SeeInvis .   a - +1 short sword (drain)
rCold    . . .     Faith    .   G - +2 kite shield
rNeg     . . .     Spirit   .   m - +0 scale mail
rPois    .         Reflect  .   s - +0 helmet
rElec    .         Harm     .   D - +0 cloak
rCorr    .         Rampage  .   (no gloves)
Will     +....                  (no boots)
Stlth    ..........             (no amulet)
HPRegen  0.16/turn              f - ring of willpower
MPRegen  0.10/turn              x - +4 ring of evasion

@: no status effects
A: claws 1, talons 2, condensation shield
a: Renounce Religion, Potion Petition, Call Merchant, Bribe Branch


You were on level 4 of the Dungeon.
You worshipped Gozag.
Gozag was aware of your devotion.
You visited 2 branches of the dungeon, and saw 5 of its levels.

You collected 292 gold pieces.
You paid 68 gold pieces to Gozag.

Inventory:

Hand Weapons
 a - a +1 short sword of draining (weapon)
 b - a +0 hunting sling
 p - a +0 war axe
Missiles
 g - 15 sling bullets
 h - 37 poisoned darts (quivered)
 o - 2 curare-tipped darts
Armour
 m - a +0 scale mail (worn)
 s - a +0 helmet (worn)
 D - a +0 cloak (worn)
 G - a +2 kite shield (worn)
Jewellery
 f - a ring of willpower (left claw)
 k - a ring of see invisible
 x - a +4 ring of evasion (right claw)
Wands
 C - a wand of flame (15)
Scrolls
 e - a scroll of identify {unknown}
 i - a scroll of noise {unknown}
 j - 2 scrolls of blinking {unknown}
 t - 3 scrolls of fear {unknown}
 u - 3 scrolls of vulnerability {unknown}
 v - 2 scrolls of teleportation {unknown}
 w - a scroll of summoning {unknown}
 y - a scroll of torment {unknown}
 A - a scroll of enchant weapon {unknown}
 E - a scroll of magic mapping {unknown}
 F - a scroll of enchant armour {unknown}
Potions
 d - a potion of might
 l - 2 potions of lignification {unknown}
 n - a potion of invisibility {unknown}
 q - a potion of flight {unknown}
 r - a potion of curing {unknown}
 z - a potion of resistance {unknown}
 B - a potion of degeneration {unknown}


   Skills:
 + Level 4.1 Fighting
 + Level 3.1 Axes
 + Level 2.2 Throwing
 + Level 3.8 Armour
 + Level 2.5 Dodging
 + Level 3.8 Shields
 + Level 0.5 Evocations


You had 5 spell levels left.
You didn't know any spells.
Your spell library contained the following spells:

 Spells                   Type           Power      Damage    Failure   Level
 Animate Skeleton         Necr           0%         N/A       99%         1
 Apportation              Tloc           0%         N/A       99%         1
 Corona                   Hex            0%         N/A       99%         1
 Summon Small Mammal      Summ           0%         N/A       99%         1
 Confusing Touch          Hex            0%         N/A       100%        3
 Gell's Gravitas          Tloc           0%         N/A       100%        3
 Petrify                  Tmut/Erth      0%         N/A       100%        4
 Metabolic Englaciation   Hex/Ice        0%         N/A       100%        5
 Yara's Violent Unravell  Hex/Tmut       0%         3d3       100%        5


Dungeon Overview and Level Annotations

Branches:
Dungeon (4/15)             Temple (1/1) D:4

Altars:
Ashenzari
Cheibriados
Elyvilon
Fedhas
Gozag
Makhleb
Okawaru
Qazlal
Ru
Sif Muna
Trog
Xom
Beogh


Innate Abilities, Weirdness & Mutations

You have sharp fingernails.
You have razor-sharp toenails.
A meltable shield of frost defends you. (SH +4)


Message History

You now have 224 gold pieces (gained 18).
Things that are here:
a +0 dagger; 14 stones; a +0 robe An ogre comes into view.
It is wielding a +0 giant club.
The ogre hits you with a +0 giant club!!
You hit the ogre. You drain the ogre. You claw the ogre.
The ogre is moderately wounded.
The ogre misses you.
You barely miss the ogre. You claw the ogre!
The ogre is severely wounded.
The ogre hits you with a +0 giant club!
You are too injured to fight recklessly!
You are too injured to fight recklessly!
You are too injured to fight recklessly!
You are too injured to fight recklessly!
You are too injured to fight recklessly!
You are too injured to fight recklessly!
You are too injured to fight recklessly!
You hit the ogre. Your kick misses the ogre.
The ogre is severely wounded.
The ogre hits you with a +0 giant club!
* * * LOW HITPOINT WARNING * * *
There is a stone staircase leading up here.
You block the ogre's attack.
Throw: 38 darts (poison)
Press: ? - help, Q - select action, (/) - cycle Shift-Dir - straight line, f - ogre
Aim: an ogre, wielding a +0 giant club (severely wounded, lightly drained, 75% to hit)
You throw a poisoned dart. The poisoned dart hits the ogre.
The ogre is poisoned.
The ogre is severely wounded.
The ogre seems less drained.
The ogre looks more healthy.
The ogre hits you with a +0 giant club.
* * * LOW HITPOINT WARNING * * *
You hit the ogre but do no damage. You drain the ogre.
Your kick misses the ogre.
The ogre is almost dead.
The ogre hits you with a +0 giant club!
You die...
Your body crumbles into a pile of gold.

####.## #.#####.# #.....#
...#..###.# #.# #.##..#
...#....#.# #.# ####..#
...##...#.# #.###.....#
#'##.⌠#...## #...#.#.#.#
......#....# #.#.####..#
......####.# #...#...#.#
.....#.....# ##.###(#..#
._...+...#.#####@##.##..#
.....#...#.....O..#.....#
.....#####..#########...#
......#.....### ##...#
#+##.⌠#.......######....#
...#..#.#####.....#.#.#.#
...#....# ##.###.##....#
...#..#.# #8>8##.#####.#
#'##....# ######.......#


You could see an ogre (drained).

Vanquished Creatures
  A phantom (D:4)
  A kobold brigand (D:3)
  A hound (D:4)
  Crazy Yiuf (D:3)
  2 iguanas (D:4)
  Natasha (thrice) (D:2)
  Terence (D:3)
  The ghost of gorlok231 the Ducker, a weakling HuMo (D:3)
  A mummy (D:4)
  Robin (D:2)
  An adder (D:3)
  A dart slug (D:4)
  2 worms
  3 orcs
  6 ball pythons
  10 endoplasms
  3 giant cockroaches (D:1)
  18 goblins
  10 hobgoblins
  14 kobolds
  5 quokkas
  6 bats
  7 frilled lizards
  6 rats
105 creatures vanquished.

Vanquished Creatures (others)
  2 plants (D:1)
2 creatures vanquished.

Grand Total: 107 creatures vanquished

Notes
Turn   | Place    | Note
-------+----------+-------------------------------------------
     0 | D:1      | flotson the Demonspawn Fighter began the quest for the Orb.
     0 | D:1      | Reached XP level 1. HP: 18/18 MP: 1/1
   255 | D:1      | Gained mutation: You have sharp toenails. [demonic
                  | ancestry]
   255 | D:1      | Reached XP level 2. HP: 24/24 MP: 2/2
   912 | D:1      | Found a faded altar of an unknown god.
  1255 | D:2      | Gained mutation: You have razor-sharp toenails. [demonic
                  | ancestry]
  1255 | D:2      | Reached XP level 3. HP: 28/28 MP: 3/3
  1578 | D:2      | Noticed Natasha
  1582 | D:2      | Killed Natasha
  1583 | D:2      | Reached skill level 1 in Dodging
  1691 | D:2      | Noticed Natasha
  1701 | D:2      | Killed Natasha
  1702 | D:2      | Reached skill level 1 in Throwing
  1702 | D:2      | Gained mutation: A meltable shield of frost defends you.
                  | (SH +4) [demonic ancestry]
  1702 | D:2      | Reached XP level 4. HP: 31/35 MP: 4/4
  1810 | D:2      | Noticed Natasha
  1813 | D:2      | Killed Natasha
  2102 | D:2      | Reached XP level 5. HP: 39/41 MP: 5/5
  2108 | D:2      | Noticed Robin
  2116 | D:2      | Killed Robin
  2725 | D:3      | Found a runed translucent door.
  2726 | D:3      | Noticed gorlok231's ghost (weakling HuMo)
  2740 | D:3      | Killed gorlok231's ghost
  2859 | D:3      | Noticed Terence
  2870 | D:3      | Killed Terence
  2871 | D:3      | Gained mutation: You have sharp fingernails. [demonic
                  | ancestry]
  2871 | D:3      | Reached XP level 6. HP: 43/48 MP: 6/6
  3178 | D:3      | Found a runed translucent door.
  3179 | D:3      | Noticed Crazy Yiuf
  3374 | D:3      | Killed Crazy Yiuf
  3529 | D:4      | Found a staircase to the Ecumenical Temple.
  3533 | Temple   | Entered the Ecumenical Temple
  3577 | Temple   | Became a worshipper of Gozag Ym Sagoz the Greedy
  3645 | D:4      | Found a broken altar of Ashenzari.
  3780 | D:4      | Found a snail-covered altar of Cheibriados.
  3791 | D:4      | Reached skill level 4 in Fighting
  4246 | D:4      | Mangled by an ogre

Illustrated notes

Levels and vault maps discovered:
D:1:      denvon_arrival_planthouse, layout_basic,
          hellmonk_ecumenical_altar_defaced_shrine
D:2:      minmay_evil_eye, layout_loops_cross, uniq_natasha, uniq_robin
D:3:      cheibrodos_thug_alley, layout_basic, ebering_ghost_reflecting_pool,
          uniq_terence, uniq_crazy_yiuf_cottage
D:4:      old_forge, layout_loops_ring, evilmike_ruin_ashenzari, slow_altar_1,
          temple_statues, grunt_ministairs_14, minmay_misc_feat_diagonals,
          minmay_misc_feat_four_crosses, minmay_misc_feat_rugged, minivault_27
Temple:   jpeg_temple_clearing

Skill      XL: |  1  2  3  4  5  6 |
---------------+-------------------+-----
Axes           | 2 3 |  3.1
Armour         | 3 |  3.8
Dodging        | 1 2 |  2.5
Shields        | 3 |  3.8
Throwing       | 1 2 |  2.2
Fighting       | 4 |  4.1
Evocations     | |  0.5

Action                   |  1- 3 |  4- 6 || total
-------------------------+-------+-------++-------
Melee: War axe           |    37 |       ||    37
       Short sword       |    46 |   195 ||   241
       Kick              |    16 |    41 ||    57
Throw: Dart              |       |     1 ||     1
Armor: Scale mail        |    42 |    34 ||    76
Dodge: Dodged            |    34 |    50 ||    84
Block: Kite shield       |    40 |   140 ||   180

Table legend: (Time is in decaauts)
 A = Elapsed time spent in this place.
 B = Non-inter-level travel time spent in this place.
 C = Inter-level travel time spent in this place.
 D = Time resting spent in this place.
 E = Time spent auto-exploring this place.
 F = Levels seen in this place.
 G = Mean time per level.
                   A        B        C        D        E       F      G
               +--------+--------+--------+--------+--------+-----+--------+
         Total |   4346 |   4204 |    142 |      0 |   3458 |   5 |  869.2 |
       Dungeon |   4258 |   4159 |     99 |      0 |   3419 |   4 | 1064.5 |
        Temple |     87 |     44 |     43 |      0 |     39 |   1 |   87.0 |
               +--------+--------+--------+--------+--------+-----+--------+

Top non-repeatable levels by time:
     D:1: 1279 daAuts
     D:3: 1154 daAuts
     D:2: 1084 daAuts
     D:4: 741 daAuts
  Temple: 87 daAuts
